 Dungeon Crawl Stone Soup version 0.27.1-1-g398f81649c (webtiles) character file.

Game seed: 17749509805144897516

21942 bnorton916 the Thaumaturge (level 12, -4/67 HPs)
             Began as a Deep Elf Conjurer on Sept 9, 2021.
             Was an Elder of Ashenzari.
             Killed from afar by a rime drake (28 damage)
             ... with a flash freeze
             ... on level 2 of the Lair of Beasts.
             The game lasted 00:33:51 (20645 turns).

bnorton916 the Thaumaturge (Deep Elf Conjurer)     Turns: 20645, Time: 00:33:52

Health: -4/67      AC:  7    Str:  6    XL:     12   Next: 58%
Magic:  14/31      EV: 19    Int: 30    God:    Ashenzari [****..]
Gold:   757        SH:  5    Dex: 13    Spells: 11/37 levels left

rFire    + . .     SeeInvis +   H - +2 dagger (elec)
rCold    x . .     Faith    .   (no shield)
rNeg     + + +     Spirit   .   M - +1 robe of Ashenzari's Black Moon {Will+, Elem, Alch} (curse)
rPois    .         Reflect  +   o - +0 helmet "At What Cost Knowledge?" {Alch, Fort} (curse)
rElec    .         Harm     .   m - +0 cloak "Sorrow of Ashenzari" {Evo, Bglg} (curse)
rCorr    +         Rampage  .   P - +0 pair of gloves
Will     ++...     Clarity  +   (no boots)
Stlth    +++.......             y - amulet "Astral Mistrust" {Reflect SH+5, Cun, Self} (curse)
HPRegen  0.21/turn              T - ring of Ashenzari's Yoke {Fire Drain rN+++ rCorr Int+3, Alch, Elem} (curse)
MPRegen  0.22/turn              u - ring "Circumscribed Omen" {EV+4, Alch, Bglg} (curse)

@: studying Staves
A: no striking features
a: Renounce Religion, Curse Item, Shatter the Chains


You were on level 2 of the Lair of Beasts.
You worshipped Ashenzari.
Ashenzari was greatly pleased with you.
You visited 2 branches of the dungeon, and saw 13 of its levels.
You also visited: Sewer.

You collected 757 gold pieces.

Inventory:

Hand Weapons
 r - a +0 executioner's axe
 H - a +2 dagger of electrocution (weapon)
Missiles
 x - 5 throwing nets
Armour
 g - a +4 ring mail of fire resistance
 m - the cursed +0 cloak "Sorrow of Ashenzari" (worn) {Evo, Bglg}
   (You found it on level 5 of the Dungeon)

   It has a curse which improves the following skills: Evocations: Evocations.
   Beguiling: Conjurations, Hexes and Translocations.
 o - the cursed +0 helmet "At What Cost Knowledge?" (worn) {Alch, Fort}
   (You found it on level 4 of the Dungeon)

   It has a curse which improves the following skills: Alchemy: Poison Magic and
   Transmutations.
   Fortitude: Armour and Shields.
 s - a +0 tower shield
 v - the +4 ring mail of Panentheism {-Tele rC+ Int+4 Slay+4}
   (You found it on level 4 of the Dungeon)

   Int:       It affects your intelligence (+4).
   Slay:      It affects your accuracy & damage with ranged weapons and melee
   (+4).
   rC:        It protects you from cold.
   -Tele:     It prevents most forms of teleportation.
 A - a +2 hat
 I - a +1 helmet of see invisible
 M - the cursed +1 robe of Ashenzari's Black Moon (worn) {Will+, Elem, Alch}
   (You took it off Psyche on level 9 of the Dungeon)

   It has a curse which improves the following skills: Elements: Fire Magic, Ice
   Magic, Air Magic and Earth Magic.
   Alchemy:   Poison Magic and Transmutations.
 O - a +0 cloak
 P - a +0 pair of gloves (worn)
 W - a +2 hat of willpower
Jewellery
 u - the cursed ring "Circumscribed Omen" (right hand) {EV+4, Alch, Bglg}
   (You took it off a kobold on level 4 of the Dungeon)

   [ring of evasion]

   EV:        It affects your evasion (+4).
   It has a curse which improves the following skills: Alchemy: Poison Magic and
   Transmutations.
   Beguiling: Conjurations, Hexes and Translocations.
 y - the cursed amulet "Astral Mistrust" (around neck) {Reflect SH+5, Cun, Self}
   (You found it on level 5 of the Dungeon)

   [amulet of reflection]

   It reflects blocked missile attacks.
   SH:        It affects your SH (+5).
   It has a curse which improves the following skills: Cunning: Dodging and
   Stealth.
   Introspection: Fighting and Spellcasting.
 E - a ring of poison resistance
 G - a +4 ring of evasion
 J - a ring of magical power
 K - an amulet of reflection
 Q - an amulet of magic regeneration
 T - the cursed ring of Ashenzari's Yoke (left hand) {Fire Drain rN+++ rCorr Int+3, Alch, Elem}
   (You found it on level 11 of the Dungeon)

   [ring of fire]

   It enhances your fire magic.
   Int:       It affects your intelligence (+3).
   rF:        It protects you from fire.
   rC:        It makes you vulnerable to cold.
   rN:        It renders you almost immune to negative energy.
   rCorr:     It protects you from acid and corrosion.
   Drain:     It drains your maximum health when unequipped.
   It has a curse which improves the following skills: Alchemy: Poison Magic and
   Transmutations.
   Elements:  Fire Magic, Ice Magic, Air Magic and Earth Magic.
 U - an amulet of the acrobat
Wands
 a - a wand of mindburst (12)
 f - a wand of paralysis (8)
 k - a wand of acid (17)
 z - a wand of charming (29)
 L - a wand of iceblast (6)
Scrolls
 d - 3 scrolls of teleportation
 l - a scroll of blinking
 n - 3 scrolls of magic mapping
 w - 3 scrolls of amnesia
 C - 3 scrolls of silence
 D - 2 scrolls of enchant weapon
 N - 2 scrolls of fear
 V - a scroll of fog
Potions
 b - 3 potions of brilliance
 c - 5 potions of flight
 e - 3 potions of cancellation
 h - 7 potions of lignification
 i - a potion of might
 j - 3 potions of berserk rage
 p - 2 potions of haste
 q - a potion of mutation
 t - 3 potions of curing
 B - a potion of ambrosia
 F - 2 potions of heal wounds
 R - 4 potions of resistance
 S - a potion of invisibility


   Skills:
 - Level 2.7(4.6) Fighting
 + Level 9.8 Staves
 - Level 5.7(8.0) Armour
 - Level 5.4(7.7) Dodging
 - Level 2.4(4.2) Stealth
 - Level 3.0(5.0) Shields
 - Level 11.0(13.0) Spellcasting
 - Level 10.1(13.3) Conjurations
 - Level 6.9(10.4) Hexes
 - Level 5.8(9.3) Translocations
 - Level 2.2(6.3) Transmutations
 + Level 7.4(10.9) Fire Magic
 - Level 3.0(6.0) Ice Magic
 - Level 2.0(4.6) Air Magic
 + Level 7.4(10.9) Earth Magic
 - Level 1.2(4.4) Poison Magic
 - Level 2.1(3.9) Evocations


You had 11 spell levels left.
You knew the following spells:

 Your Spells              Type           Power      Damage    Failure   Level
a - Magic Dart            Conj           100%       1d8       0%          1
b - Searing Ray           Conj           100%       3d7       0%          2
c - Fulminant Prism       Conj/Hex       37%        3d18      1%          4
d - Iskenderun's Mystic   Conj/Tloc      73%        2d15      1%          4
e - Poisonous Vapours     Pois/Air       92%        N/A       1%          2
f - Freezing Cloud        Conj/Ice/Air   30%        6-21      2%          5
g - Mephitic Cloud        Conj/Pois/Air  59%        N/A       1%          3
h - Bolt of Magma         Conj/Fire/Erth 47%        4d19      1%          5

Your spell library contained the following spells:

 Spells                   Type           Power      Damage    Failure   Level
 Corpse Rot               Necr/Air       N/A        N/A       1%          2
 Slow                     Hex            70%        N/A       1%          2
 Confusing Touch          Hex            70%        N/A       1%          3
 Dazzling Flash           Conj/Hex       100%       N/A       1%          3
 Frozen Ramparts          Ice            100%       1d12      1%          3
 Ignite Poison            Fire/Tmut/Pois 76%        N/A       1%          3
 Portal Projectile        Hex/Tloc       100%       N/A       1%          3
 Ice Form                 Ice/Tmut       54%        N/A       1%          4
 Leda's Liquefaction      Hex/Erth       35%        N/A       1%          4
 Yara's Violent Unravell  Hex/Tmut       31%        3d13      2%          5
 Call Canine Familiar     Summ           19%        N/A       8%          3
 Vampiric Draining        Necr           9%         2d7       8%          3
 Summon Ice Beast         Ice/Summ       37%        N/A       8%          4


Dungeon Overview and Level Annotations

Branches:
Dungeon (11/15)            Temple (0/1) D:5            Lair (2/6) D:11
  Sewer (visited)
  Swamp: Lair:2-4    Shoals: Lair:2-4     Snake: Lair:2-4    Spider: Lair:2-4
    Orc: D:9-12

Altars:
Ashenzari

Shops:
D:1 [

Portals:
Trove: D:10 (give 10 potions of heal wounds)

Annotations:
D:10 pkoi's ghost, journeyman TrMo


Message History

That beam is likely to hit you.
Continue anyway?
Okay, then.
Unknown command.
The white imp gestures at you. The puff of frost hits you.
You feel a terrible chill!
Casting: Bolt of Magma (dangerous; 1% risk of failure)
Confirm with . or Enter, or press ? or * to list all spells.
Aiming: Magic Dart (safe; 0% risk of failure)
Press: ? - help, Shift-Dir - straight line, f - white imp
Aim: a white imp (heavily wounded, 100% to hit)
The magic dart hits the white imp but does no damage.
The white imp is heavily wounded.
The white imp gestures at you. The puff of frost misses you.
The white imp gestures at you. The puff of frost misses you.
The white imp gestures at you. The puff of frost misses you.
Casting: Magic Dart (safe; 0% risk of failure)
Confirm with . or Enter, or press ? or * to list all spells.
Aiming: Bolt of Magma (dangerous; 1% risk of failure)
Press: ? - help, Shift-Dir - straight line, f/p - white imp
Aim: a white imp (heavily wounded, 74% to hit)
You feel a surge of power!
The bolt of magma hits the white imp!!
The white imp is burned terribly!
You kill the white imp!
Unknown command.
Casting: Bolt of Magma (dangerous; 1% risk of failure)
Confirm with . or Enter, or press ? or * to list all spells.
Aiming: Bolt of Magma (dangerous; 1% risk of failure)
Press: ? - help, Shift-Dir - straight line, f - white imp
Aim: a white imp (74% to hit)
You feel a surge of power!
The bolt of magma hits the white imp!!!
The white imp is burned terribly!
You kill the white imp!
Unknown command.
A rime drake comes into view.
The rime drake breathes ice at you. The flash freeze hits you!!
You feel a painful chill!
You die...

##....†########P.....# #.
#......########.....# ### **
###......###.##.....######.. *
####.##.....P....P......P#.##..
...............................
,,.5.............................
................<..............
,............................>..
,∩..............@................
,...............................
,...P#########P.............##..
####* ##............##### *
##..........#.## , ,*
###.......#### , , ##k....## *
#.....# #.....*


You could see a rime drake (catching breath).

Vanquished Creatures
  Gastronok (Lair:1)
  A boulder beetle (D:11)
  Harold (D:7)
  A centaur warrior (D:10)
  4 two-headed ogres
  Nergalle (D:10)
  4 skeletal warriors
  A manticore (D:11)
  2 cane toads
  An unseen horror (D:11)
  Psyche (D:9)
  2 rime drakes (Lair:1)
  A komodo dragon (Lair:1)
  An ice devil (D:11)
  4 blink frogs (Lair:1)
  3 slime creatures (D:11)
  A centaur simulacrum (D:11)
  Sigmund (D:5)
  A shadow (D:10)
  13 yaks
  A wraith (D:11)
  A wyvern (D:9)
  A basilisk (Lair:1)
  An acid dragon (D:8)
  9 water moccasins
  A meliai simulacrum (D:11)
  Duvessa (D:7)
  3 ice beasts
  A sky beast (D:6)
  A hornet zombie (D:8)
  7 orc warriors
  2 ogres
  7 centaurs
  6 wolves (Lair:1)
  A kobold brigand (D:10)
  6 bullfrogs
  A gnoll sergeant (D:8)
  2 wyvern zombies
  Dowan (D:7)
  2 scorpions
  10 killer bees
  A howler monkey (D:8)
  A bullfrog zombie (D:6)
  3 centaur zombies
  2 hounds (D:5)
  4 jellies
  A gnoll shaman (D:8)
  6 orc priests
  2 centaur skeletons
  A bullfrog skeleton (D:4)
  4 iguanas
  11 orc wizards
  3 killer bee zombies
  2 howler monkey zombies
  6 adders
  14 gnolls
  10 white imps
  A howler monkey simulacrum (D:11)
  3 ufetubi
  2 worms
  A dart slug (D:1)
  35 orcs
  7 ball pythons
  6 endoplasms
  7 giant cockroaches
  4 goblins (D:1)
  5 hobgoblins
  8 quokkas
  9 bats
  5 frilled lizards
  10 kobolds
  8 rats
292 creatures vanquished.

Vanquished Creatures (others)
  2 centaur simulacra (D:10)
  A vampire mosquito (D:10)
  40 fulminant prisms
  21 fungi
  18 plants
82 creatures vanquished.

Grand Total: 374 creatures vanquished

Notes
Turn   | Place    | Note
-------+----------+-------------------------------------------
     0 | D:1      | bnorton916 the Deep Elf Conjurer began the quest for the
                  | Orb.
     0 | D:1      | Reached XP level 1. HP: 10/10 MP: 6/6
   158 | D:1      | Reached XP level 2. HP: 15/15 MP: 1/8
   616 | D:1      | Found Nyer's Antique Armour Shoppe.
   871 | D:1      | Reached skill level 4 in Spellcasting
  1142 | D:2      | Reached skill level 5 in Conjurations
  1142 | D:2      | Reached XP level 3. HP: 19/19 MP: 5/10
  1145 | D:2      | Learned a level 2 spell: Searing Ray
  1805 | D:2      | Found a faded altar of an unknown god.
  2209 | D:3      | Reached XP level 4. HP: 24/24 MP: 8/12
  2364 | D:3      | Noticed a kobold brigand
  2473 | D:3      | Found a broken altar of Ashenzari.
  2479 | D:3      | Became a worshipper of Ashenzari the Shackled
  3274 | D:4      | Reached skill level 5 in Spellcasting
  3478 | D:4      | Noticed an orc warrior
  3482 | D:4      | HP: 1/24 [something/magic dart (9)]
  3485 | D:4      | Reached XP level 5. HP: 1/28 MP: 9/15
  3488 | D:4      | Killed an orc warrior
  3489 | D:4      | Reached skill level 6 in Spellcasting
  3512 | D:4      | Noticed a wyvern
  3567 | D:5      | Entered Level 5 of the Dungeon
  3693 | D:4      | Found a glowing drain.
  3699 | D:4      | Reached XP level 6. HP: 17/32 MP: 13/17
  3705 | Sewer    | Entered a sewer
  4066 | Sewer    | Noticed a water moccasin
  4071 | Sewer    | Killed a water moccasin
  4448 | D:4      | Learned a level 4 spell: Fulminant Prism
  4453 | D:4      | Learned a level 4 spell: Iskenderun's Mystic Blast
  4578 | D:4      | Identified the +4 ring mail of Panentheism {-Tele rC+ Int+4
                  | Slay+4}
  4585 | D:4      | Reached skill level 1 in Hexes
  4920 | D:4      | Reached skill level 1 in Translocations
  5309 | D:5      | Reached XP level 7. HP: 36/36 MP: 14/19
  5609 | D:5      | Found a staircase to the Ecumenical Temple.
  5694 | D:5      | Noticed Sigmund
  5703 | D:5      | Killed Sigmund
  5704 | D:5      | Reached skill level 1 in Armour
  6473 | D:5      | Reached * piety under Ashenzari
  6883 | D:6      | Reached XP level 8. HP: 41/41 MP: 16/20
  6932 | D:6      | Reached skill level 1 in Evocations
  6940 | D:6      | Reached skill level 1 in Shields
  6940 | D:6      | Reached skill level 5 in Hexes
  7465 | D:6      | Reached ** piety under Ashenzari
  7781 | D:7      | Learned a level 2 spell: Poisonous Vapours
  7787 | D:7      | Learned a level 5 spell: Freezing Cloud
  7853 | D:7      | Noticed Harold
  7882 | D:7      | Killed Harold
  7883 | D:7      | Reached skill level 5 in Translocations
  7883 | D:7      | Reached XP level 9. HP: 45/45 MP: 14/23
  8254 | D:7      | Reached skill level 1 in Ice Magic
  8388 | D:7      | Noticed Duvessa
  8388 | D:7      | Noticed Dowan
  8393 | D:7      | Killed Duvessa
  8394 | D:7      | Reached skill level 1 in Air Magic
  8394 | D:7      | Reached skill level 1 in Poison Magic
  8394 | D:7      | Killed Dowan
  9170 | D:8      | Reached skill level 1 in Fighting
  9700 | D:8      | Reached skill level 5 in Armour
 10245 | D:8      | Noticed a two-headed ogre
 10255 | D:8      | Killed a two-headed ogre
 10256 | D:8      | Reached skill level 7 in Spellcasting
 10256 | D:8      | Reached skill level 1 in Transmutations
 10256 | D:8      | Reached XP level 10. HP: 45/56 MP: 3/24
 10932 | D:8      | Reached skill level 8 in Spellcasting
 11277 | D:9      | Noticed Psyche
 11922 | D:9      | Killed Psyche
 12346 | D:9      | Reached *** piety under Ashenzari
 12461 | D:9      | Reached skill level 9 in Spellcasting
 12718 | D:9      | Learned a level 3 spell: Mephitic Cloud
 13213 | D:10     | Entered Level 10 of the Dungeon
 13316 | D:10     | Noticed a centaur warrior
 13704 | D:10     | Noticed a boulder beetle
 13705 | D:10     | Noticed a skeletal warrior
 13716 | D:10     | Noticed a red ugly thing
 13718 | D:10     | Noticed a cyclops
 13727 | D:10     | Noticed a cyclops
 13904 | D:10     | Noticed a two-headed ogre
 13922 | D:10     | Killed a two-headed ogre
 13923 | D:10     | Reached skill level 5 in Dodging
 14110 | D:10     | Noticed Nergalle
 14125 | D:10     | Killed Nergalle
 14126 | D:10     | Reached skill level 10 in Spellcasting
 14126 | D:10     | Reached XP level 11. HP: 62/62 MP: 4/28
 14401 | D:10     | Found a portal to a secret trove of treasure.
 14810 | D:11     | Noticed a skeletal warrior
 14817 | D:11     | Killed a skeletal warrior
 14825 | D:11     | Noticed a two-headed ogre
 14825 | D:11     | Noticed a skeletal warrior
 14842 | D:11     | Noticed a skeletal warrior
 14844 | D:11     | Noticed a skeletal warrior
 14973 | D:10     | Killed a skeletal warrior
 15305 | D:11     | Reached skill level 11 in Spellcasting
 15305 | D:11     | Reached skill level 10 in Conjurations
 15314 | D:11     | Learned a level 5 spell: Bolt of Magma
 15401 | D:11     | Reached skill level 1 in Staves
 15586 | D:11     | Noticed a two-headed ogre
 15611 | D:11     | Killed a two-headed ogre
 15612 | D:11     | Reached skill level 1 in Fire Magic
 15612 | D:11     | Reached skill level 1 in Earth Magic
 15788 | D:11     | Found a runed translucent gate.
 15788 | D:11     | Found a runed translucent gate.
 15788 | D:11     | Found a runed translucent gate.
 15829 | D:11     | Noticed a centaur warrior
 16477 | D:10     | HP: 1/62 [centaur warrior/arrow (10)]
 16479 | D:10     | Killed a centaur warrior
 16852 | D:10     | Killed a two-headed ogre
 16853 | D:10     | Reached skill level 5 in Staves
 17060 | D:11     | Found a staircase to the Lair.
 17096 | D:11     | Killed a skeletal warrior
 17422 | D:11     | Noticed pkoi's ghost (journeyman TrMo)
 17422 | D:11     | Identified the ring of Hihil {Fire Drain rN+++ rCorr Int+3}
 17447 | D:11     | Noticed a boulder beetle
 17461 | D:11     | Killed a boulder beetle
 17565 | D:11     | Killed a skeletal warrior
 17566 | D:11     | Reached skill level 5 in Fire Magic
 17566 | D:11     | Reached skill level 5 in Earth Magic
 18007 | D:11     | Reached XP level 12. HP: 67/67 MP: 19/30
 18510 | Lair:1   | Entered Level 1 of the Lair of Beasts
 19663 | Lair:1   | Reached **** piety under Ashenzari
 20121 | Lair:1   | Noticed Gastronok
 20129 | Lair:1   | Killed Gastronok
 20645 | Lair:2   | Killed from afar by a rime drake

Illustrated notes

Levels and vault maps discovered:
D:1:      mrwooster_arrival_arrow, layout_basic, serial_shops, shop
D:2:      layout_basic, shapermc_ecumenical_altar_starsandcircs
D:3:      layout_basic, marbit_many_paths, hangedman_decor_slide_cut,
          lightli_corner_chamber
D:4:      layout_layer_cave, gup_sewer_entry_pipe
D:5:      layout_basic, minmay_temple_entry_ruins, uniq_sigmund
D:6:      layout_cave_pools, hangedman_decor_growths, minmay_manual_moon
D:7:      layout_loops_cross, grunt_ministairs_10, minivault_23, uniq_harold,
          uniq_duvessa
D:8:      layout_basic, grunt_decor_clamped, minmay_joined_circles
D:9:      layout_long_grid, uniq_psyche
D:10:     layout_loops_ring, nicolae_trove_entry_diagonal, minivault_12,
          uniq_nergalle
D:11:     layout_basic, grunt_lair_entry_orc_guard_hut, gammafunk_ghost_icy
Lair:1:   layout_regular_city, uniq_gastronok
Lair:2:   layout_hall_layers, portal_ice_cave_entry_imps, minivault_26,
          serial_bayou_shore_a

Skill      XL: |  1  2  3  4  5  6  7  8  9 10 11 12 |
---------------+-------------------------------------+-----
Spellcasting   | 4 5 6 7 10 11 | 11.0
Conjurations   | 5 6 7 9 10 | 10.1
Hexes          | 2 4 6 |  6.9
Translocations | 2 3 5 |  5.8
Armour         | 2 3 5 |  5.7
Evocations     | 2 |  2.1
Shields        | 3 |  3.0
Ice Magic      | 3 |  3.0
Air Magic      | 2 |  2.0
Poison Magic   | 1 |  1.2
Fighting       | 2 |  2.7
Transmutations | 1 2 |  2.2
Dodging        | 5 |  5.4
Staves         | 7 9 |  9.8
Fire Magic     | 5 7 |  7.4
Earth Magic    | 5 7 |  7.4
Stealth        | |  2.4

Action                   |  1- 3 |  4- 6 |  7- 9 | 10-12 || total
-------------------------+-------+-------+-------+-------++-------
Melee: Dagger            |       |       |       |    22 ||    22
 Cast: Magic Dart        |    80 |    75 |    83 |    89 ||   327
       Searing Ray       |       |    16 |    39 |    42 ||    97
       Fulminant Prism   |       |       |    15 |    25 ||    40
       Iskenderun's Myst |       |       |     7 |    27 ||    34
       Poisonous Vapours |       |       |       |    74 ||    74
       Mephitic Cloud    |       |       |       |     1 ||     1
       Bolt of Magma     |       |       |       |    45 ||    45
Invok: Curse Item        |       |     1 |     3 |     2 ||     6
  Use: Scroll            |       |     1 |     1 |     2 ||     4
       Potion            |       |       |     1 |     1 ||     2
Armor: Robe              |       |     7 |     7 |    16 ||    30
Dodge: Dodged            |     4 |    31 |    16 |   150 ||   201
Block: Other             |       |       |    11 |    32 ||    43
       Reflection        |       |       |     2 |     4 ||     6
